 Dungeon Crawl Stone Soup version 0.28-a0-1404-g4df0f3684d (webtiles) character file.

Game seed: 9844843204361879623

1320 ragingrage the Grappler (level 8, -13/68 HPs)
             Began as a Ghoul Monk on Jan 6, 2022.
             Mangled by an ogre (30 damage)
             ... on level 5 of the Dungeon.
             The game lasted 00:09:13 (6589 turns).

ragingrage the Grappler (Ghoul Monk)                Turns: 6589, Time: 00:09:14

Health: -13/68     AC:  8    Str: 17    XL:     8   Next: 59%
Magic:  7/7        EV:  7    Int:  5    God:
Gold:   147        SH:  0    Dex: 11    Spells: 7/7 levels left

rFire   . . .      SeeInvis .     - Unarmed
rCold   + . .      Faith    .   (no shield)
rNeg    + + +      Spirit   .   e - +0 chain mail
rPois   ∞          Reflect  .   (no helmet)
rElec   .          Harm     .   (no cloak)
rCorr   .          Rampage  .   (no gloves)
Will    .....                   (no boots)
Stlth   ..........              (no amulet)
HPRegen 0.00/turn               h - ring of wizardry
MPRegen 0.10/turn               (no ring)

@: inhibited regen
A: claws 1, cold resistance 1, negative energy resistance 3, inhibited
regeneration, torment resistance 2
a: no special abilities


You were on level 5 of the Dungeon.
You visited 1 branch of the dungeon, and saw 5 of its levels.

You collected 177 gold pieces.
You spent 30 gold pieces at shops.

Inventory:

Armour
 e - a +0 chain mail (worn)
Jewellery
 h - a ring of wizardry (left claw)
Wands
 n - a wand of paralysis (12)
Scrolls
 a - a scroll of immolation {unknown}
 b - 3 scrolls of identify {unknown}
 f - 3 scrolls of teleportation {unknown}
 j - 3 scrolls of fear {unknown}
 k - a scroll of silence {unknown}
 m - a scroll of holy word {unknown}
Potions
 c - 3 potions of curing
 d - a potion of lignification {unknown}
 g - 2 potions of attraction {unknown}
 i - a potion of might {unknown}
 l - a potion of haste {unknown}
 o - a potion of ambrosia {unknown}
 p - a potion of mutation {unknown}
 q - 2 potions of resistance {unknown}


   Skills:
 - Level 5.2 Fighting
 - Level 2.6 Dodging
 - Level 2.1 Stealth
 + Level 10.9 Unarmed Combat


You had 7 spell levels left.
You didn't know any spells.
Your spell library was empty.

Dungeon Overview and Level Annotations

Branches:
Dungeon (5/15)
 Temple: D:4-7

Altars:
Cheibriados
Gozag
Nemelex Xobeh
Okawaru
The Shining One

Shops:
D:1 !

Annotations:
D:2 Sigmund


Innate Abilities, Weirdness & Mutations

You thrive by killing the living.
You are immune to poison.
You have sharp fingernails.
Your flesh is cold resistant. (rC+)
You are immune to negative energy. (rN+++)
You do not regenerate when monsters are visible.
You are immune to unholy pain and torment.


Message History

You claw the hound skeleton!
You destroy the hound skeleton!
No target in view!
No target in view!
No target in view!
No target in view!
No target in view!
No target in view!
No target in view!
No target in view!
No target in view!
Found 12 arrows.
Found 16 stones.
An ogre comes into view. It is wielding a +0 giant spiked club.
The ogre shouts!
An ogre is nearby!
Unknown command.
You claw the ogre!
The ogre is severely wounded.
You scratch the ogre.
The ogre is severely wounded.
The ogre hits you with a +0 giant spiked club!
You scratch the ogre.
The ogre is severely wounded.
The ogre hits you with a +0 giant spiked club.
You barely miss the ogre.
The ogre is severely wounded.
You barely miss the ogre.
The ogre is severely wounded.
The ogre hits you with a +0 giant spiked club!
You scratch the ogre.
The ogre is almost dead.
The ogre hits you with a +0 giant spiked club!!
* * * LOW HITPOINT WARNING * * *
You barely miss the ogre.
The ogre is almost dead.
You barely miss the ogre.
The ogre is almost dead.
The ogre hits you with a +0 giant spiked club!!
You die...

.................................
....########.##.####### ....#
#.##.######### ....#
#.(........... ....#
###....#.#### ....# #......#
##### #####.###..# ...##
...........## ....##
......O@....# <....#
........###.# ...♣.# ......... .#
.....# .......... .. .♣...#
...(.....^###. .....# ...........
.# ...♣.# .........### >....#
.........# ....##


You could see an ogre.

Vanquished Creatures
  A wyvern (D:5)
  Eustachio (D:4)
  A sky beast (D:5)
  3 ogres
  An ice beast (D:5)
  A bullfrog (D:5)
  A water moccasin skeleton (D:5)
  A bullfrog zombie (D:5)
  3 hounds
  3 iguanas
  3 orc wizards
  A hound skeleton (D:5)
  Robin (D:2)
  3 adders
  2 river rats (D:3)
  2 ufetubi
  2 worms
  A dart slug (D:1)
  22 orcs
  5 endoplasms
  6 giant cockroaches
  18 goblins
  5 hobgoblins
  8 jackals
  8 quokkas
  6 ball pythons
  4 bats
  4 frilled lizards
  5 kobolds
  5 rats
127 creatures vanquished.

Vanquished Creatures (others)
  A plant (D:3)
1 creature vanquished.

Grand Total: 128 creatures vanquished

Notes
Turn   | Place    | Note
-------+----------+-------------------------------------------
     0 | D:1      | ragingrage the Ghoul Monk began the quest for the Orb.
     0 | D:1      | Reached XP level 1. HP: 19/19 MP: 0/0
   396 | D:1      | Reached skill level 4 in Unarmed Combat
   396 | D:1      | Reached XP level 2. HP: 16/26 MP: 1/1
   772 | D:1      | Found Ematt's Distillery.
   777 | D:1      | Bought a potion of curing for 30 gold pieces
  1618 | D:2      | Reached XP level 3. HP: 29/31 MP: 2/2
  1867 | D:2      | Reached skill level 5 in Unarmed Combat
  1867 | D:2      | Reached XP level 4. HP: 24/40 MP: 3/3
  2262 | D:2      | Noticed Robin
  2295 | D:2      | Reached XP level 5. HP: 38/47 MP: 4/4
  2300 | D:2      | Killed Robin
  2638 | D:2      | Noticed Sigmund
  3269 | D:3      | Found an opulent altar of Gozag.
  3543 | D:3      | Found an iron altar of Okawaru.
  3544 | D:3      | Found a sparkling altar of Nemelex Xobeh.
  3616 | D:3      | Reached skill level 5 in Fighting
  3617 | D:3      | Noticed a torpor snail
  3621 | D:3      | Found a snail-covered altar of Cheibriados.
  3621 | D:3      | Noticed a torpor snail
  3633 | D:3      | Noticed a torpor snail
  3795 | D:3      | Found a faded altar of an unknown god.
  4161 | D:3      | Reached XP level 6. HP: 47/56 MP: 5/5
  4245 | D:3      | Reached skill level 6 in Unarmed Combat
  4690 | D:4      | Noticed Eustachio
  4725 | D:4      | Killed Eustachio
  4726 | D:4      | Reached skill level 7 in Unarmed Combat
  4761 | D:5      | Entered Level 5 of the Dungeon
  5011 | D:5      | Reached XP level 7. HP: 54/61 MP: 6/6
  5058 | D:5      | Reached skill level 8 in Unarmed Combat
  5774 | D:4      | Reached skill level 9 in Unarmed Combat
  6168 | D:5      | Noticed a wyvern
  6181 | D:5      | Killed a wyvern
  6182 | D:5      | Reached XP level 8. HP: 54/68 MP: 7/7
  6327 | D:5      | Reached skill level 10 in Unarmed Combat
  6589 | D:5      | Mangled by an ogre

Illustrated notes

Levels and vault maps discovered:
D:1:      saegor_arrival_simple_d, layout_loops_corners, serial_shops,
          nicolae_shop_hallway_stairs, minmay_misc_feat_tower
D:2:      layout_loops_cross, uniq_sigmund, uniq_robin, uniq_crazy_yiuf_cottage
D:3:      layout_basic, cheibriados_altar_2,
          gammafunk_temple_overflow_forgotten, grunt_gozag_statues,
          serial_aquarium, aquarium_bridge_long_separate
          [aquarium_subvault_window, aquarium_subvault_bridge,
          aquarium_subvault_bridge, aquarium_subvault_bridge,
          aquarium_subvault_bridge, aquarium_subvault_bridge],
          aquarium_bridge_island_small [aquarium_subvault_small_open,
          aquarium_subvault_bridge, aquarium_subvault_bridge,
          aquarium_subvault_window, aquarium_subvault_bridge],
          aquarium_window_fake, aquarium_window_1, aquarium_view_2f,
          aquarium_balcony_5b, aquarium_pool_split,
          shapermc_ecumenical_altar_acropolis, gup_sewer_entry_spiral
D:4:      layout_basic, chequers_serial_rivers_micro_a, uniq_eustachio
D:5:      layout_basic, minmay_statues_item, minmay_misc_feat_columns,
          chequers_serial_rivers_large_b, grunt_ministairs_10

Skill      XL: |  1  2  3  4  5  6  7  8 |
---------------+-------------------------+-----
Unarmed Combat | 4 5 7 9 10 | 10.9
Fighting       | 4 5 |  5.2
Dodging        | |  2.6
Stealth        | |  2.1

Action                   |  1- 3 |  4- 6 |  7- 9 || total
-------------------------+-------+-------+-------++-------
Melee: Unarmed           |    47 |     2 |    81 ||   130
       Dagger            |    23 |   266 |    23 ||   312
       Punch             |       |     9 |     5 ||    14
Evoke: Wand              |       |       |     1 ||     1
 Stab: Sleeping          |     4 |       |       ||     4
       Paralysed         |       |       |     4 ||     4
Armor: Robe              |     1 |       |       ||     1
       Chain mail        |    15 |   151 |    40 ||   206
Dodge: Dodged            |    23 |   110 |    34 ||   167

Table legend: (Time is in decaauts)
 A = Elapsed time spent in this place.
 B = Non-inter-level travel time spent in this place.
 C = Inter-level travel time spent in this place.
 D = Time resting spent in this place.
 E = Time spent auto-exploring this place.
 F = Levels seen in this place.
 G = Mean time per level.
                   A        B        C        D        E       F      G
               +--------+--------+--------+--------+--------+-----+--------+
         Total |   6616 |   6329 |    287 |   1718 |   3558 |   5 | 1323.2 |
       Dungeon |   6616 |   6329 |    287 |   1718 |   3558 |   5 | 1323.2 |
               +--------+--------+--------+--------+--------+-----+--------+

Top non-repeatable levels by time:
     D:1: 1988 daAuts
     D:3: 1264 daAuts
     D:2: 1164 daAuts
     D:4: 1147 daAuts
     D:5: 1051 daAuts
